 Dungeon Crawl Stone Soup version 0.28-a0-1447-ga5a8893891 (webtiles) character file.

Game seed: 5239436086207450735

18 bande the Covered (level 2, 0/19 HPs)
             Began as a Gargoyle Fighter on Jan 11, 2022.
             Killed by nerve-wracking pain
             ... invoked by a shadow imp
             ... summoned by Natasha
              (2 damage)
             ... on level 2 of the Dungeon.
             The game lasted 00:01:47 (893 turns).

bande the Covered (Gargoyle Fighter)                 Turns: 893, Time: 00:01:47

Health: 0/19       AC:  9    Str: 19    XL:     2   Next: 66%
Magic:  0/2        EV: 13    Int:  8    God:
Gold:   28         SH:  4    Dex:  9    Spells: 1/1 levels left

rFire   . . .      SeeInvis .   a - +1 war axe
rCold   . . .      Faith    .   c - +0 buckler
rNeg    + . .      Spirit   +   b - +0 scale mail
rPois   ∞          Reflect  .   (no helmet)
rElec   +          Harm     .   (no cloak)
rCorr   .          Rampage  .   (no gloves)
Will    .....                   (no boots)
Stlth   ..........              g - amulet of guardian spirit
HPRegen 0.06/turn               e - +4 ring of evasion
MPRegen 0.08/turn               (no ring)

@: slowed, very slow
A: sickness immunity, AC +2, negative energy resistance 1, electricity
resistance, torment resistance 1, petrification resistance
a: no special abilities


You were on level 2 of the Dungeon.
You visited 1 branch of the dungeon, and saw 2 of its levels.

You collected 28 gold pieces.

Inventory:

Hand Weapons
 a - a +1 war axe (weapon)
Armour
 b - a +0 scale mail (worn)
 c - a +0 buckler (worn)
Jewellery
 e - a +4 ring of evasion (left hand)
 g - an amulet of guardian spirit (around neck)
Scrolls
 f - a scroll of identify
Potions
 d - a potion of might


   Skills:
 + Level 3.5 Fighting
 + Level 2.1 Axes
 + Level 3.6 Armour
 + Level 3.5 Shields


You had one spell level left.
You didn't know any spells.
Your spell library contained the following spells:

 Spells                   Type           Power      Damage    Failure   Level
 Slow                     Hex            0%         N/A       86%         1
 Confusing Touch          Hex            0%         N/A       99%         3
 Vampiric Draining        Necr           0%         2d6       99%         3


Dungeon Overview and Level Annotations

Branches:
Dungeon (2/15)

Altars:

Annotations:
D:2 Natasha


Innate Abilities, Weirdness & Mutations

You are immune to sickness and miasma.
Your stone body is resilient. (AC +2)
You are immune to poison.
You resist negative energy. (rN+)
You are resistant to electric shocks. (rElec)
You are resistant to unholy torment.
You are immune to petrification.


Message History

Natasha casts a spell.
You hit the shadow imp.
The shadow imp is lightly wounded.
The shadow imp closely misses you.
Natasha stares at you and mumbles some strange words.
You feel yourself slow down.
You closely miss the shadow imp.
The shadow imp is lightly wounded.
You hit Natasha. The shadow imp misses you. Natasha closely misses you.
The shadow imp gestures at you.
You barely resist. Natasha claws you but does no damage.
You hit the shadow imp.
The shadow imp is heavily wounded.
You barely miss Natasha. You block the shadow imp's attack. Natasha claws you!
The shadow imp closely misses you. Natasha claws you but does no damage.
You barely miss the shadow imp.
The shadow imp is heavily wounded.
You closely miss Natasha. The shadow imp closely misses you.
Natasha casts a spell.
The shadow imp misses you. Natasha misses you.
The shadow imp barely misses you. You block Natasha's attack.
You hit the shadow imp.
The shadow imp is severely wounded.
You barely miss Natasha. You barely miss the shadow imp.
The shadow imp misses you. Natasha barely misses you.
The shadow imp gestures at you. Pain shoots through your body!
The shadow imp barely misses you. Natasha misses you.
The shadow imp gestures at you. Pain shoots through your body!
* * * LOW HITPOINT WARNING * * *
You slash Natasha!
Natasha is almost dead.
You closely miss the shadow imp. You hit the shadow imp.
The shadow imp misses you. Natasha claws you.
* * * LOW HITPOINT WARNING * * *
The shadow imp picks up a beetle and eats it.
The shadow imp gestures at you. Pain shoots through your body!
You die...

##....## ##.......#...#
##....###....##..#.#.##.#.
##....#....# #..#........
#<..###...###...##.##...
#.#..#..#................
#+##....##...############
...........+.....#
...........##.#.5#.#.#P
...........##.#@.PP..P.
...........##.#5h#.#.#P
.......######.#..#...
....... #....# #.# .......
###... P.. #..#. . #..#.
#.## #


You could see Natasha and 2 shadow imps.

Vanquished Creatures
  A dart slug (D:1)
  A ball python (D:1)
  2 goblins
  4 hobgoblins (D:1)
  2 jackals (D:1)
  A kobold (D:2)
  A frilled lizard (D:1)
  A rat (D:1)
13 creatures vanquished.

Notes
Turn   | Place    | Note
-------+----------+-------------------------------------------
     0 | D:1      | bande the Gargoyle Fighter began the quest for the Orb.
     0 | D:1      | Reached XP level 1. HP: 14/14 MP: 1/1
   294 | D:1      | Reached XP level 2. HP: 17/19 MP: 2/2
   885 | D:2      | Noticed Natasha
   893 | D:2      | Killed from afar by a shadow imp

Illustrated notes

Levels and vault maps discovered:
D:1:      ncdulo_watergridlock, layout_basic, serial_forest,
          infiniplex_forest_end_1, infiniplex_forest_straight_5,
          infiniplex_forest_lined_4_way, infiniplex_forest_side_room,
          infiniplex_forest_end_2
D:2:      layout_basic, shapermc_ecumenical_altar_mp_urbaneastern, serial_shops,
          shop, nicolae_figureground_sparkle, uniq_natasha

Skill      XL: |  1 |
---------------+----+-----
Axes           | 2 |  2.1
Fighting       | |  3.5
Armour         | |  3.6
Shields        | |  3.5

Action                   || total
-------------------------++-------
Melee: War axe           ||    54
  Use: Scroll            ||     5
Armor: Scale mail        ||    23
Dodge: Dodged            ||    40
Block: Buckler           ||     8

Table legend: (Time is in decaauts)
 A = Elapsed time spent in this place.
 B = Non-inter-level travel time spent in this place.
 C = Inter-level travel time spent in this place.
 D = Time resting spent in this place.
 E = Time spent auto-exploring this place.
 F = Levels seen in this place.
 G = Mean time per level.
                   A        B        C        D        E       F      G
               +--------+--------+--------+--------+--------+-----+--------+
         Total |    919 |    919 |      0 |      0 |    727 |   2 |  459.5 |
       Dungeon |    919 |    919 |      0 |      0 |    727 |   2 |  459.5 |
               +--------+--------+--------+--------+--------+-----+--------+

Top non-repeatable levels by time:
     D:1: 814 daAuts
     D:2: 105 daAuts
